 Dungeon Crawl Stone Soup version 0.29-a0-1027-gcd8c55af63 (webtiles) character file.

Game seed: 16712672283693831485

3 hikkokomori the Twirler (level 1, 0/17 HPs)
             Began as a Meteoran Wanderer on Aug 13, 2022.
             Slain by a gnoll
             ... wielding a +0 spear
              (1 damage)
             ... on level 1 of the Dungeon.
             The game lasted 00:00:47 (59 turns).

hikkokomori the Twirler (Meteoran Wanderer)           Turns: 59, Time: 00:00:48

Health: 0/17       AC:  3    Str:  9    XL:     1   Next: 71%
Magic:  3/4        EV: 12    Int: 17    God:
Gold:   18         SH:  0    Dex: 13    Spells: 2/3 levels left

rFire   . . .      SeeInvis .   a - +0 quarterstaff (vorpal)
rCold   . . .      Faith    .   (shield currently unavailable)
rNeg    . . .      Spirit   .   d - +0 robe
rPois   .          Reflect  .   (no helmet)
rElec   .          Harm     .   (no cloak)
rCorr   .          Rampage  .   b - +0 pair of gloves
Will    .....                   (no boots)
Stlth   +.........              (no amulet)
HPRegen 0.05/turn               (no ring)
MPRegen 0.09/turn               (no ring)

@: glowing
A: sense surroundings 1, otherworldly, glowing, explore regen
a: no special abilities


You were on level 1 of the Dungeon.
You visited 1 branch of the dungeon, and saw 1 of its levels.

You collected 18 gold pieces.

Inventory:

Hand Weapons
 a - a +0 vorpal quarterstaff (weapon)
Armour
 b - a +0 pair of gloves (worn)
 d - a +0 robe (worn)
Scrolls
 c - a scroll of silence
Potions
 e - a potion of lignification {unknown}


   Skills:
 + Level 2.2 Fighting
 - Level 3.6 Staves
 - Level 1.2 Throwing
 + Level 2.5 Dodging
 + Level 1.5 Spellcasting
 + Level 1.3 Air Magic


You had 2 spell levels left.
You knew the following spells:

 Your Spells              Type           Power      Damage    Failure   Level
a - Shock                 Conj/Air       12%        1d3       16%         1

Your spell library contained the following spells:

 Spells                   Type           Power      Damage    Failure   Level
 Swiftness                Air            6%         N/A       34%         3


Dungeon Overview and Level Annotations

Branches:
Dungeon (1/15) Zot: 538

Altars:


Innate Abilities, Weirdness & Mutations

You passively map a small area around you.
You are easily found by Zot.
You glow in the dark.
You regain HP and MP as you explore.


Message History

The endoplasm moves out of view.
Found a leather armour.
Found a sapphire potion.
You hit the endoplasm but do no damage. The endoplasm freezes you.
You are frozen.
You hit the endoplasm but do no damage. The endoplasm freezes you.
You are frozen.
You sock the endoplasm!
You kill the endoplasm!
No target in view!
An endoplasm comes into view.
The endoplasm quivers.
An endoplasm is nearby!
Unknown command.
You see here a sapphire potion.
e - a sapphire potion You sock the endoplasm!
You kill the endoplasm!
A gnoll comes into view. It is wielding a +0 spear.
The gnoll hits you with a +0 spear.
You hit the gnoll.
The gnoll is moderately wounded.
The gnoll closely misses you.
You completely miss the gnoll.
The gnoll is moderately wounded.
The gnoll misses you. The gnoll closely misses you.
You closely miss the gnoll.
The gnoll is moderately wounded.
The gnoll hits you with a +0 spear.
You hit the gnoll.
The gnoll is severely wounded.
The gnoll hits you with a +0 spear!
Ouch! That really hurt!
* * * LOW HITPOINT WARNING * * *
You closely miss the gnoll.
The gnoll is severely wounded.
The gnoll hits you with a +0 spear.
You die...

≈§§# #.#.........###
§≈######.##.#.###....
* ###
#..............#. #
#......######.##
######.######.##,#
#.........#.##.#
#.####.........# ,,
#.#####...#.#### *
#.....g@..#.# ,
####...[....# * ,
#.###..### , *
#.**#...., , * .,
,..#### , * , ,,.,,
### * , * ** *


You could see a gnoll.

Vanquished Creatures
  2 endoplasms (D:1)
  A rat (D:1)
3 creatures vanquished.

Notes
Turn   | Place    | Note
-------+----------+-------------------------------------------
     0 | D:1      | hikkokomori the Meteoran Wanderer began the quest for the
                  | Orb.
     0 | D:1      | hikkokomori set off with the following items: a +0 vorpal
                  | quarterstaff, a +0 pair of gloves, a scroll of silence, a
                  | +0 robe; and the following spell memorised: Shock; and the
                  | following spells available to memorise: Swiftness.
     0 | D:1      | Reached XP level 1. HP: 17/17 MP: 3/3
    59 | D:1      | Slain by a gnoll

Illustrated notes

Levels and vault maps discovered:
D:1:      lightli_molten_gateway, layout_loops_ring,
          dreamdust_ecumenical_altar_drowned_temple

Action                   || total
-------------------------++-------
Melee: Quarterstaff      ||    11
Dodge: Dodged            ||     5

Table legend: (Time is in decaauts)
 A = Elapsed time spent in this place.
 B = Non-inter-level travel time spent in this place.
 C = Inter-level travel time spent in this place.
 D = Time resting spent in this place.
 E = Time spent auto-exploring this place.
 F = Levels seen in this place.
 G = Mean time per level.
                   A        B        C        D        E       F      G
               +--------+--------+--------+--------+--------+-----+--------+
         Total |     60 |     60 |      0 |      0 |     22 |   1 |   60.0 |
       Dungeon |     60 |     60 |      0 |      0 |     22 |   1 |   60.0 |
               +--------+--------+--------+--------+--------+-----+--------+

Top non-repeatable levels by time:
     D:1: 60 daAuts
